 Dungeon Crawl Stone Soup version 0.29.0-5-ge4962eb29e (webtiles) character file.

Game seed: 18391925537088357738

252 Armakuni the Trooper (level 6, -1/55 HPs)
             Began as a Meteoran Delver on Aug 28, 2022.
             Slain by a bullfrog (8 damage)
             ... on level 3 of the Dungeon.
             The game lasted 00:05:11 (643 turns).

Armakuni the Trooper (Meteoran Delver)               Turns: 643, Time: 00:05:12

Health: -1/55      AC:  3    Str: 15    XL:     6   Next: 64%
Magic:  7/7        EV: 12    Int: 12    God:
Gold:   37         SH:  0    Dex: 16    Spells: 5/5 levels left

rFire   . . .      SeeInvis .   a - +0 mace
rCold   . . .      Faith    .   (no shield)
rNeg    . . .      Spirit   .   b - +0 leather armour
rPois   .          Reflect  .   (no helmet)
rElec   .          Harm     .   (no cloak)
rCorr   .          Rampage  .   (no gloves)
Will    .....                   (no boots)
Stlth   +.........              (no amulet)
HPRegen 0.18/turn               (no ring)
MPRegen 0.10/turn               (no ring)

@: mighty, glowing, invisible (but backlit and visible)
A: sense surroundings 1, otherworldly, glowing, explore regen
a: no special abilities


You were on level 3 of the Dungeon.
You visited 1 branch of the dungeon, and saw 6 of its levels.

You collected 37 gold pieces.

Inventory:

Hand Weapons
 a - a +0 mace (weapon)
Armour
 b - a +0 leather armour (worn)
Wands
 j - a wand of iceblast (4)
 k - a wand of digging (3)
Scrolls
 c - a scroll of fog
 d - 2 scrolls of identify
 g - a scroll of torment


   Skills:
 + Level 4.9 Fighting
 - Level 2.6(3.8) Maces & Flails
 + Level 3.8(4.1) Staves
 - Level 2.4 Dodging
 - Level 3.7 Stealth
 - Level 4.0 Evocations


You had 5 spell levels left.
You didn't know any spells.
Your spell library was empty.

Dungeon Overview and Level Annotations

Branches:
Dungeon (8/15) Zot: 2954
 Temple: D:4-7         Lair: D:8-11

Altars:
Dithmenos
Uskayaw

Annotations:
D:5 Dowan, Duvessa
D:6 Grinder


Innate Abilities, Weirdness & Mutations

You passively map a small area around you.
You are easily found by Zot.
You glow in the dark.
You regain HP and MP as you explore.


Message History

You closely miss the bullfrog.
The bullfrog is moderately wounded.
The bullfrog barely misses you. x2; Natasha claws you but does no damage.
You closely miss the bullfrog.
The bullfrog is moderately wounded.
The bullfrog hits you but does no damage.
Natasha mumbles some strange words.
You feel disoriented. Natasha claws you.
The bullfrog hits you but does no damage.
It was a potion of invisibility.
You become transparent, but the glow from your body prevents you from becoming completely invisible.
The bullfrog hits you. Natasha claws you!
* * * LOW HITPOINT WARNING * * *
It was a potion of might.
You feel very mighty all of a sudden. The bullfrog barely misses you.
Natasha closely misses you.
The crimson imp blinks!
The bullfrog closely misses you.
You sock Natasha!
Natasha is severely wounded.
The bullfrog barely misses you. Natasha closely misses you.
You sock Natasha!
You kill Natasha!
Natasha yowls pathetically as she dies!
The crimson imp disappears in a puff of smoke!
The bullfrog barely misses you.
The bullfrog swells and bulges.
The bullfrog hits you.
* * * LOW HITPOINT WARNING * * *
Your life force feels restored.
You hit the bullfrog.
The bullfrog is heavily wounded.
The bullfrog hits you but does no damage. x2
You barely miss the bullfrog.
The bullfrog is heavily wounded.
The bullfrog barely misses you. x2
It was a potion of curing.
You feel better. The bullfrog hits you!
* * * LOW HITPOINT WARNING * * *
The bullfrog hits you!
You die...

* * *
, , *
** *
# *
,#
#.*
.# *
.###.
... *
*
#†#*
, #@#
#F#
*,, ,
, #.#
* #.#
, , *
#.#
*,**
.#.
*# #
*


You could see a bullfrog.

Vanquished Creatures
  2 bullfrogs (D:6)
  A necrophage (D:6)
  Natasha (D:3)
  An adder (D:6)
  3 shadow imps
  A white imp (D:6)
  A dart slug (D:4)
  An orc (D:4)
  2 quokkas (D:5)
13 creatures vanquished.

Vanquished Creatures (others)
  3 plants (D:5)
3 creatures vanquished.

Grand Total: 16 creatures vanquished

Notes
Turn   | Place    | Note
-------+----------+-------------------------------------------
     0 | D:5      | Armakuni the Meteoran Delver began the quest for the Orb.
     0 | D:5      | Reached XP level 1. HP: 19/19 MP: 2/2
    15 | D:6      | Noticed a bullfrog
    20 | D:6      | Killed a bullfrog
    21 | D:6      | Reached XP level 2. HP: 26/26 MP: 3/3
    21 | D:6      | Reached XP level 3. HP: 31/31 MP: 4/4
    21 | D:6      | Reached XP level 4. HP: 38/38 MP: 5/5
    23 | D:6      | Noticed a bullfrog
    27 | D:6      | Killed a bullfrog
    28 | D:6      | Reached XP level 5. HP: 36/46 MP: 6/6
    73 | D:5      | Noticed Duvessa
    73 | D:5      | Noticed Dowan
   106 | D:6      | Noticed an ice beast
   132 | D:6      | Noticed an ice beast
   213 | D:7      | Noticed a necrophage
   392 | D:6      | Reached XP level 6. HP: 29/53 MP: 7/7
   454 | D:6      | Noticed Grinder
   459 | D:6      | Noticed a green ugly thing
   533 | D:4      | Found a hide-covered altar of Uskayaw.
   533 | D:4      | Found a shadowy altar of Dithmenos.
   622 | D:4      | Noticed Natasha
   640 | D:3      | Killed Natasha
   643 | D:3      | Slain by a bullfrog

Illustrated notes

Levels and vault maps discovered:
D:3:      layout_loops_corners, mainiacjoe_overflow_boulevard, serial_shops,
          nicolae_diamond_shop
D:4:      layout_basic, nicolae_overflow_two_pavilions, item_on_display_a,
          uniq_natasha
D:5:      layout_loops_ring, chequers_serial_rivers_large_a, chequers_big_river,
          uniq_duvessa
D:6:      layout_loops_ring, minmay_temple_entry_gardened_gates, serial_shops,
          shop_fountains, lightli_ossuary_entry_decrepit_ruins,
          small_statue_intersection, uniq_grinder
D:7:      layout_cave_pools, nicolae_fountain_basement
D:8:      layout_cave_pools, kennysheep_mini_moat, mainiacjoe_overflow_alcove_4,
          erik_lair_dragon, enter_bailey_3, uniq_psyche, uniq_grum,
          uniq_gastronok

Skill      XL: |  1  2  3  4  5  6 |
---------------+-------------------+-----
Evocations     | 4 |  4.0
Fighting       | 4 |  4.9
Staves         | 2 3 |  3.8
Maces & Flails | |  2.6
Dodging        | |  2.4
Stealth        | |  3.7

Action                   |  1- 3 |  4- 6 || total
-------------------------+-------+-------++-------
Melee: Mace              |       |    55 ||    55
Evoke: Wand              |     2 |     1 ||     3
  Use: Potion            |       |     4 ||     4
       Scroll            |       |     3 ||     3
Armor: Leather armour    |       |    17 ||    17
Dodge: Dodged            |       |    50 ||    50
